Map: Interloper LE

Players

Drakthull - Winner!

  • Race: Zerg Zerg
  • League: Diamond
  • Spawn Location: 11:00

Crisper

  • Race: Zerg Zerg
  • League: Platinum
  • Spawn Location: 5:00

VOD

Have the link to the VOD?

Description

Example 1 base push with second hatch behind. Private for crisper's study

Time

  • Played on: Sept. 29, 2017, 7:29 a.m.
  • Length: 6:21
Show
View Real Time Build Order
Export as new Build Order

Drakthull Zerg - Winner!

Build Orders: Pool First, Zergling Baneling 

Get SALT Encoding   

  12  0:01  Drone  
  13  0:12  Overlord  
  13  0:18  Drone  
  14  0:23  Extractor  
  13  0:36  Spawning Pool  
  13  0:41  Drone  
  13  0:46  Drone  
  14  0:51  Drone  
  15  0:57  Drone  
  16  1:04  Drone  
  17  1:13  Overlord  
  17  1:25  Metabolic Boost  
  17  1:32  Zergling x2  
  18  1:36  Zergling x2  
  19  1:44  Queen  
  21  1:50  Baneling Nest  
  21  1:51  Zergling x2  
  21  1:57  Zergling x2  
  22  2:07  Zergling x2  
  23  2:18  Zergling x2  
  25  2:30  Zergling x2  
  25  2:34  Baneling  
  25  2:35  Baneling x3  
  25  2:39  Zergling x2  
  25  3:12  Zergling x8  
  29  3:26  Zergling x2  
  28  3:33  Zergling x2  
  26  3:47  Zergling x2  
  27  3:53  Baneling  
  22  4:04  Hatchery  
  21  4:15  Zergling x4  
  20  4:21  Spine Crawler  
  20  4:23  Zergling x2  
  20  4:24  Baneling  
  21  4:33  Zergling x6  
  23  4:44  Zergling x2  
  24  4:47  Zergling x2  
  25  4:52  Baneling  
  25  4:53  Baneling x2  
  25  4:56  Zergling x6  
  28  5:18  Zergling x4  
  30  5:42  Hatchery  
  29  5:50  Zergling x2  
  29  5:54  Overlord  
Show
View Real Time Build Order
Export as new Build Order

Crisper Zerg 

Build Orders: Hatch First 

Get SALT Encoding   

  12  0:01  Drone  
  13  0:13  Overlord  
  13  0:24  Drone  
  14  0:34  Drone x2  
  16  0:38  Drone  
  17  0:56  Hatchery  
  17  0:57  Drone  
  17  1:00  Drone  
  18  1:10  Extractor  
  17  1:15  Spawning Pool  
  16  1:19  Drone  
  16  1:22  Drone  
  18  1:37  Drone  
  18  1:39  Overlord  
  19  2:02  Queen  
  19  2:04  Zergling x4  
  23  2:11  Zergling x2  
  23  2:15  Queen  
  24  2:18  Metabolic Boost  
  24  2:21  Drone  
  24  2:22  Drone  
  28  2:33  Drone x2  
  28  2:34  Drone  
  31  2:38  Baneling Nest  
  31  2:41  Drone  
  28  3:10  Zergling x6  
  28  3:11  Zergling x4  
  28  3:26  Zergling x6  
  28  3:27  Zergling x6  
  17  3:32  Zergling x2  
  14  3:39  Zergling x4  
  10  3:50  Drone  
  5  4:27  Drone  
  5  5:05  Drone  
  6  5:29  Drone  
  7  5:49  Drone  
  8  6:05  Drone  
Tags
 
Add a new tag
Caveats
  • Supply blocks, unpowered buildings, or Contaminate may cause inaccurate times.
  • Supply counts are checked every 10 seconds.